Map: Hardwire LE

Players

Pumba - Winner!

  • Race: Protoss Protoss
  • League: Bronze
  • Spawn Location: 1:00

FIREKICKSCII

  • Race: Protoss Protoss
  • League: Silver
  • Spawn Location: 7:00

VOD

Have the link to the VOD?

Description

Time

  • Played on: Jan. 25, 2022, 5:33 p.m.
  • Length: 12:00
Show
View Real Time Build Order
Export as new Build Order

Pumba Protoss - Winner!

Build Orders: 1 Gate Expand 

Get SALT Encoding   

  12  0:00  Probe  
  13  0:12  Probe  
  14  0:19  Pylon  
  14  0:25  Probe  
  15  0:37  Probe  
  15  0:40  Gateway  
  16  0:49  Probe (Chrono Boost)  
  17  0:50  Assimilator  
  17  0:59  Probe (Chrono Boost)  
  17  1:04  Probe (Chrono Boost)  
  19  1:16  Probe  
  20  1:28  Nexus  
  20  1:40  Cybernetics Core  
  20  1:43  Probe  
  21  1:49  Assimilator  
  20  1:56  Probe  
  20  2:00  Pylon  
  21  2:08  Probe  
  22  2:10  Warp Gate  
  22  2:17  Stalker (Chrono Boost)  
  24  2:24  Probe  
  26  2:39  Probe (Chrono Boost), Stalker  
  26  2:41  Probe (Chrono Boost)  
  29  2:51  Probe (Chrono Boost)  
  31  2:52  Probe (Chrono Boost)  
  31  2:56  Probe (Chrono Boost)  
  32  3:00  Robotics Facility, Probe  
  33  3:06  Gateway  
  33  3:07  Gateway  
  33  3:14  Pylon  
  33  3:25  Probe (Chrono Boost)  
  35  3:30  Probe (Chrono Boost)  
  36  3:35  Probe (Chrono Boost)  
  36  3:39  Probe (Chrono Boost)  
  36  3:40  Probe (Chrono Boost)  
  37  3:41  Stalker  
  40  3:49  Probe  
  40  3:51  Twilight Council  
  41  3:55  Pylon  
  41  3:56  Probe  
  41  3:58  Observer (Chrono Boost)  
  41  3:59  Pylon  
  41  4:01  Probe  
  44  4:08  Probe  
  45  4:19  Assimilator  
  45  4:22  Stalker x3, Assimilator  
  45  4:24  Immortal (Chrono Boost)  
  55  4:42  Charge  
  55  4:44  Probe x2  
  57  4:56  Probe x2  
  59  5:08  Probe x2  
  61  5:27  Gateway  
  61  5:29  Gateway  
  61  5:32  Gateway  
  61  5:34  Gateway  
  61  5:36  Gateway  
  61  5:52  Gateway  
  61  5:53  Gateway  
  61  6:00  Templar Archives  
  61  6:03  Pylon  
  61  6:04  Pylon  
  61  6:10  Pylon  
  61  6:12  Pylon  
  61  6:18  Pylon  
  61  6:28  Shield Battery  
  61  6:30  Pylon  
  61  6:32  Shield Battery  
  61  6:44  Warp Prism (Chrono Boost)  
  63  6:50  Zealot x6  
  63  6:51  Zealot x4  
  83  7:18  Zealot x10  
  103  7:23  Pylon  
  103  7:24  Pylon  
  103  7:26  Pylon  
  103  7:28  Pylon  
  103  7:31  Pylon  
  103  7:44  Zealot  
  103  7:45  Zealot x9  
  123  8:06  High Templar x4  
  123  8:07  High Templar x6  
  123  8:11  Archon x5  
  105  9:16  Stalker x5  
  105  9:17  Stalker x5  
  125  9:39  Nexus  
Show
View Real Time Build Order
Export as new Build Order

FIREKICKSCII Protoss 

Build Orders:  

Get SALT Encoding   

  12  0:01  Probe (Chrono Boost)  
  13  0:12  Probe (Chrono Boost)  
  14  0:19  Probe  
  15  0:42  Pylon  
  15  0:45  Pylon  
  15  1:00  Probe (Chrono Boost)  
  16  1:04  Gateway  
  16  1:12  Probe (Chrono Boost)  
  17  1:19  Probe (Chrono Boost)  
  17  1:22  Forge  
  18  1:27  Probe  
  19  1:39  Probe  
  20  1:49  Assimilator  
  20  1:51  Probe, Assimilator  
  21  1:57  Cybernetics Core  
  21  2:03  Probe  
  21  2:07  Zealot  
  24  2:15  Probe (Chrono Boost)  
  25  2:27  Probe (Chrono Boost)  
  26  2:36  Assimilator  
  26  2:48  Stargate, Probe  
  27  3:00  Probe  
  28  3:12  Probe  
  29  3:18  Pylon  
  29  3:26  Pylon  
  29  3:29  Probe (Chrono Boost)  
  30  3:38  Probe (Chrono Boost)  
  31  3:44  Stargate  
  29  3:54  Photon Cannon  
  29  3:55  Void Ray  
  33  4:11  Nexus  
  33  4:18  Pylon  
  33  4:24  Pylon  
  33  4:28  Probe (Chrono Boost)  
  34  4:33  Void Ray  
  34  4:38  Probe (Chrono Boost)  
  39  4:43  Probe (Chrono Boost)  
  39  4:44  Gateway  
  40  4:54  Probe  
  40  4:56  Gateway  
  41  5:06  Gateway, Probe  
  42  5:11  Assimilator  
  42  5:31  Probe  
  43  5:38  Protoss Air Weapons Level 1  
  43  5:43  Void Ray, Probe (Chrono Boost)  
  48  5:55  Probe (Chrono Boost)  
  50  6:01  Probe (Chrono Boost)  
  50  6:03  Probe (Chrono Boost)  
  51  6:08  Probe  
  51  6:10  Probe (Chrono Boost)  
  53  6:12  Void Ray  
  57  6:20  Probe (Chrono Boost)  
  59  6:27  Probe (Chrono Boost), Stalker x2  
  59  6:30  Probe (Chrono Boost)  
  64  6:35  Probe (Chrono Boost)  
  66  6:40  Probe (Chrono Boost)  
  66  6:41  Probe (Chrono Boost)  
  67  6:48  Shield Battery  
  67  6:51  Photon Cannon  
  67  6:54  Photon Cannon  
  67  7:02  Void Ray  
  71  7:12  Pylon  
  71  7:19  Robotics Facility  
  71  7:23  Stalker x2  
  71  7:24  Stalker  
  71  7:29  Stalker  
  79  7:38  Pylon  
  79  7:41  Pylon  
  79  7:46  Void Ray  
  83  7:52  Pylon  
  83  7:56  Void Ray  
  87  7:59  Fleet Beacon  
  87  8:10  Sentry x3  
  93  8:20  Photon Cannon  
  69  8:59  Nexus  
  51  9:10  Pylon  
  34  9:40  Pylon  
  34  9:41  Void Ray  
  34  9:42  Void Ray  
  25  10:19  Void Ray x2  
  33  10:29  Pylon  
  33  10:30  Probe (Chrono Boost)  
  34  10:40  Probe (Chrono Boost)  
  35  10:45  Probe (Chrono Boost)  
  36  10:56  Probe  
  33  11:08  Probe  
  33  11:10  Void Ray  
Tags
 
Add a new tag
Caveats
  • Supply blocks, unpowered buildings, or Contaminate may cause inaccurate times.
  • Supply counts are checked every 10 seconds.